 Dungeon Sprint DCSS version 0.29.1-15-g9cfb28693d (webtiles) character file.

Game seed: 3676845751783824366

299 Sanktem7 the Eclecticist (level 6, -5/32 HPs)
             Began as a Deep Elf Fire Elementalist on Mar 8, 2023.
             Slain by a slime creature (19 damage)
             ... in the Dungeon (Sprint I: "Red Sonja").
             The game lasted 00:04:58 (279 turns).

Sanktem7 the Eclecticist (DEFE)                      Turns: 279, Time: 00:04:59

Health: -5/32      AC:  3    Str:  5    XL:     6   Next: 13%
Magic:  18/27      EV: 11    Int: 22    God:
Gold:   169        SH:  0    Dex: 15    Spells: 32/38 levels left

rFire   . . .      SeeInvis .   (no weapon)
rCold   . . .      Faith    .   (no shield)
rNeg    . . .      Spirit   .   j - +0 leather armour
rPois   .          Reflect  .   (no helmet)
rElec   .          Harm     .   (no cloak)
rCorr   .          Rampage  .   (no gloves)
Will    .....      NoTele   +   (no boots)
Stlth   ++........              (no amulet)
HPRegen 0.10/turn               (no ring)
MPRegen 0.20/turn               (no ring)

@: no status effects
A: no striking features
a: no special abilities


You were in the Dungeon.
You visited 1 branch You collected 169 gold pieces.


   Skills:
 - Level 2.4 Dodging
 - Level 2.4 Stealth
 + Level 16.5 Spellcasting
 - Level 1.1 Conjurations
 - Level 3.2 Fire Magic


You had 32 spell levels left.
You knew the following spells:

 Your Spells              Type           Power      Damage    Failure   Level
a - Foxfire               Conj/Fire      100%       2x1d9     1%          1
b - Scorch                Fire           64%        2d8       1%          2
c - Conjure Flame         Conj/Fire      27%        6-21      6%          3

Your spell library contained the following spells:

 Spells                   Type           Power      Damage    Failure   Level
 Inner Flame              Hex/Fire       25%        N/A       8%          3
 Flame Wave               Conj/Fire      27%        2d9       21%         4

Inventory:

Hand Weapons
 a - a +0 scythe {polearm}
   (You took it off Sigmund in the Dungeon)
 f - a +0 dagger {short}
   (You took it off Ijyb in the Dungeon)
Missiles
 e - 3 stones {throwing}
Armour
 j - a +0 leather armour (worn)
   (You took it off Ijyb in the Dungeon)
Wands
 h - a wand of iceblast (6)
   (You took it off Ijyb in the Dungeon)
Scrolls
 g - a scroll of blinking {!r}
Potions
 b - 2 potions of magic
 c - a potion of curing {@q1}
 d - a potion of heal wounds {@q2}
 i - 2 potions of lignification {unknown}

Dungeon Overview and Level Annotations

Branches:
Dungeon (1/1) Zot: 27000

Altars:
Makhleb
Sif Muna
Vehumet
Wu Jian
Xom
Jiyva
Lugonu

###################
#<.#..').#..'..#__#
#..'[.#..'[.#.@J..+
#..#####'#####'#__#
#..# #..# #.# ##
#..# #### ##.# #..#
#_.+ #⌠⌠# +..._#
#### #_.#+# ##+


You could see a slime creature (combustible).


Message History

e - a +0 robe You drop a +0 robe.
You open the door.
There is an open door here. 😎 MP[+1]
You now have 27 gold pieces.
You now have 54 gold pieces (gained 27).
You now have 81 gold pieces (gained 27).
You now have 108 gold pieces (gained 27). 😎 MP[+1]
There is an open door here.
You see here a +0 robe.
There is an open door here.
You open the door.
There is an open door here. 😎 MP[+1]
You now have 135 gold pieces (gained 27).
You now have 162 gold pieces (gained 27).
There is an open door here.
There is an open door here.
Your extra speed is starting to run out.
You see here a +0 robe. 😎 MP[+1]
There is an open door here.
You open the door.
Found 3 stones and 7 gold pieces.
Found a shimmering blue altar of Sif Muna.
A jelly comes into view.
Found an ornate altar of the Wu Jian Council.
There is an open door here.
Casting: Conjure Flame (quite dangerous; 7% risk of failure)
Confirm with . or Enter, or press ? or * to list all spells.
You can't see any susceptible monsters within range! (Use Z to cast anyway.)
Found a radiant altar of Vehumet.
The jelly quivers.
You see here 3 stones {throwing}.
Casting: Conjure Flame (quite dangerous; 7% risk of failure)
Confirm with . or Enter, or press ? or * to list all spells.
You can't see any susceptible monsters within range! (Use Z to cast anyway.)
You feel yourself slow down.
You see here 7 gold pieces. 😎 MP[+1]
Casting: Conjure Flame (quite dangerous; 7% risk of failure)
Confirm with . or Enter, or press ? or * to list all spells.
Flames lash the jelly.
The jelly's fire resistance burns away. 😎 MP[-2]
You lost 2 mp, and now have 21/27 mp.
Casting: Scorch (safe; 2% risk of failure)
Confirm with . or Enter, or press ? or * to list all spells.
Flames lash the jelly.
The jelly is burned terribly!
You kill the jelly! 😎 MP[-2]
You lost 2 mp, and now have 19/27 mp.
You now have 169 gold pieces (gained 7). 😎 MP[+1]
e - 3 stones {throwing} You start resting. 😎 MP[+7]
Your mp is fully restored (27).
There is an open door here.
You open the door.
A slime creature comes into view.
Found a viscous altar of Jiyva and a corrupted altar of Lugonu.
Casting: Scorch (safe; 1% risk of failure)
Confirm with . or Enter, or press ? or * to list all spells.
Flames lash the slime creature.
The slime creature quivers.
The slime creature's fire resistance burns away. 😎 MP[-2]
You lost 2 mp, and now have 25/27 mp.
Found a burning altar of Makhleb and a shimmering altar of Xom.
Casting: Scorch (safe; 1% risk of failure)
Confirm with . or Enter, or press ? or * to list all spells.
Flames lash the slime creature.
The slime creature is burned terribly!
The slime creature hits you! 😮 HP[-8] MP[-2]
You take 8 damage, and now have 24/32 hp.
MASSIVE DAMAGE!! (PAUSE)
You lost 2 mp, and now have 23/27 mp.
Casting: Scorch (safe; 1% risk of failure)
Confirm with . or Enter, or press ? or * to list all spells.
Flames lash the slime creature.
The slime creature is burned terribly!
The slime creature hits you!
* * * LOW HITPOINT WARNING * * *
😨 HP[-10] MP[-2]
You take 10 damage, and now have 14/32 hp.
MASSIVE DAMAGE!! (PAUSE)
You lost 2 mp, and now have 21/27 mp.
Casting: Scorch (safe; 1% risk of failure)
Confirm with . or Enter, or press ? or * to list all spells.
Flames lash the slime creature.
The slime creature is burned terribly!
The slime creature barely misses you. 😨 MP[-1]
You lost 1 mp, and now have 20/27 mp.
Casting: Scorch (safe; 1% risk of failure)
Confirm with . or Enter, or press ? or * to list all spells.
Flames lash the slime creature.
The slime creature is burned terribly!
The slime creature hits you!!
Ouch! That really hurt!
You die...

Skill      XL: |  1  2  3  4 |
---------------+-------------+-----
Spellcasting   | 8 12 16 | 16.5
Dodging        | |  2.4
Stealth        | |  2.4
Conjurations   | |  1.1
Fire Magic     | |  3.2

Action                   |  1- 3 |  4- 6 || total
-------------------------+-------+-------++-------
Melee: Unarmed           |     5 |       ||     5
 Cast: Scorch            |     3 |    10 ||    13
       Conjure Flame     |       |     1 ||     1
       Foxfire           |       |     1 ||     1
  Use: Potion            |     2 |     1 ||     3
Armor: Leather armour    |       |     1 ||     1
Dodge: Dodged            |     1 |     1 ||     2

Levels and vault maps discovered:
D:        dungeon_sprint_1 [red_sonja_temple_1, red_sonja_temple_small_1]

Notes
Turn   | Place    | Note
-------+----------+-------------------------------------------
     0 | D        | Sanktem7 the Deep Elf Fire Elementalist began the quest for
                  | the Orb.
     0 | D        | Reached XP level 1. HP: 10/10 MP: 6/6
     0 | D        | magus.rc [v1.9.6]
     2 | D        | Noticed Ijyb
     8 | D        | Killed Ijyb
     9 | D        | Reached skill level 8 in Spellcasting
     9 | D        | Reached XP level 2. HP: 15/15 MP: 7/13
   157 | D        | Learned a level 2 spell: Scorch
   175 | D        | Noticed an ogre
   178 | D        | Killed an ogre
   179 | D        | Reached skill level 12 in Spellcasting
   179 | D        | Reached XP level 3. HP: 19/19 MP: 7/18
   179 | D        | Reached XP level 4. HP: 24/24 MP: 7/20
   185 | D        | Learned a level 3 spell: Conjure Flame
   186 | D        | Noticed Sigmund
   192 | D        | Killed Sigmund
   193 | D        | Reached skill level 16 in Spellcasting
   193 | D        | Reached XP level 5. HP: 28/28 MP: 16/25
   193 | D        | Reached XP level 6. HP: 32/32 MP: 17/27
   228 | D        | Found a shimmering blue altar of Sif Muna.
   229 | D        | Found an ornate altar of the Wu Jian Council.
   230 | D        | Found a radiant altar of Vehumet.
   273 | D        | Found a viscous altar of Jiyva.
   273 | D        | Found a corrupted altar of Lugonu.
   273 | D        | Noticed a slime creature
   275 | D        | Found a burning altar of Makhleb.
   275 | D        | Found a shimmering altar of Xom.
   279 | D        | Slain by a slime creature

Vanquished Creatures
  Sigmund (D)
  An ogre (D)
  A jelly (D)
  Ijyb (D)
4 creatures vanquished.

Vanquished Creatures (others)
  2 foxfires (D)
2 creatures vanquished.

Grand Total: 6 creatures vanquished

Table legend:
 A = Non-vault XP
 B = Vault XP
 C = Vault XP percentage of total XP
 D = Non-vault monster count
 E = Vault monster count
 F = Vault count percentage of total count
                 A         B        C        D         E       F
            +---------+---------+-------+---------+---------+-------
      Total |       0 |     428 | 100.0 |       0 |       4 | 100.0
            +---------+---------+-------+---------+---------+-------
          D |       0 |     428 | 100.0 |       0 |       4 | 100.0
            +---------+---------+-------+---------+---------+-------

Illustrated notes

Table legend:
 A = Kills in this place as a percentage of kills in entire the game.
 B = Kills by you in this place as a percentage of kills by you in the entire game.
 C = Kills by friends in this place as a percentage of kills by friends in the entire game.
 D = Other kills in this place as a percentage of other kills in the entire game.
 E = Experience gained in this place as a percentage of experience gained in the entire game.
 F = Experience gained in this place divided by the number of levels of this place that you have seen.
                   A       B       C       D       E      F
               +-------+-------+-------+-------+-------+----------------------
         Total | 100.0 | 100.0 |   N/A |   N/A | 100.0 | 428.0
       Dungeon | 100.0 | 100.0 |   N/A |   N/A | 100.0 | 428.0
               +-------+-------+-------+-------+-------+----------------------

Table legend: (Time is in decaauts)
 A = Elapsed time spent in this place.
 B = Non-inter-level travel time spent in this place.
 C = Inter-level travel time spent in this place.
 D = Time resting spent in this place.
 E = Time spent auto-exploring this place.
 F = Levels seen in this place.
 G = Mean time per level.
                   A        B        C        D        E       F      G
               +--------+--------+--------+--------+--------+-----+--------+
         Total |    266 |    266 |      0 |    186 |      0 |   1 |  266.0 |
       Dungeon |    266 |    266 |      0 |    186 |      0 |   1 |  266.0 |
               +--------+--------+--------+--------+--------+-----+--------+

Top non-repeatable levels by time:
       D: 266 daAuts
